 Dungeon Crawl Stone Soup version 0.18.1-6-gd335043 (webtiles) character file.

52 McCoppin the Sneak (level 3, -1/24 HPs)
             Began as an Octopode Skald on May 17, 2016.
             Slain by a phantom (7 damage)
             ... on level 4 of the Dungeon.
             The game lasted 00:03:29 (1905 turns).

McCoppin the Sneak (Octopode Skald)                 Turns: 1905, Time: 00:03:29

Health: -1/24      AC:  1    Str: 16    XL:     3   Next: 85%
Magic:  6/6        EV: 12    Int: 19    God:
Gold:   73         SH:  0    Dex: 12    Spells: 1 memorised, 5 levels left

rFire  . . .     SeeInvis .     a - +0 short sword
rCold  . . .     Gourm    .     (no shield)
rNeg   . . .     Faith    .     (helmet restricted)
rPois  .         Spirit   .     (no amulet)
rElec  .         Dismiss  .     (no ring)
rCorr  .         Reflect  .     (no ring)
SustAt .         Harm     .     (no ring)
MR     .....                    (no ring)
Stlth  +++.......               (no ring)
                                (no ring)
                                (no ring)
                                (no ring)

@: mighty, brilliant, not resistant to hostile enchantments, fairly stealthy
A: almost no armour, amphibious, 8 rings, constrict 8, camouflage 1, gelatinous
body 1
a: no special abilities


You were on level 4 of the Dungeon.
You were very hungry.

You visited 1 branch of the dungeon, and saw 3 of its levels.

You collected 73 gold pieces.

Inventory:

Hand Weapons
 a - a +0 short sword (weapon)
Scrolls
 f - a scroll of teleportation {unknown}
 j - 2 scrolls of identify {unknown}
 k - a scroll of random uselessness {unknown}
Potions
 i - a potion of magic {unknown}
Books
 b - a book of Battle

   Spells                             Type                      Level
   a - Infusion                       Charms                       1
   b - Shroud of Golubria             Charms/Translocation         2
   c - Song of Slaying                Charms                       2
   d - Spectral Weapon                Hexes/Charms                 3
   e - Regeneration                   Charms/Necromancy            3
Comestibles
 c - a bread ration
 g - a meat ration
 h - a slice of pizza


   Skills:
 - Level 2.0 Fighting
 + Level 3.1 Short Blades
 - Level 1.5 Dodging
 + Level 3.4 Stealth
 - Level 2.0 Spellcasting
 - Level 3.0 Charms


You had 5 spell levels left.
You knew the following spells:

 Your Spells              Type           Power        Failure   Level  Hunger
a - Infusion              Chrm           ###.         1%          1    #......


Dungeon Overview and Level Annotations

Branches:
Dungeon (2/15)

Altars:
Pakellas
Vehumet
Yredelemnul


Innate Abilities, Weirdness & Mutations

You cannot wear most types of armour.
You are amphibious.
You can wear up to eight rings at the same time.
You can use your tentacles to constrict eight enemies at once.
Your skin changes colour to match your surroundings (Stealth).
Your rubbery body absorbs attacks (AC +1).


Message History

The phantom hits you.
You hit the phantom but do no damage.
The phantom is heavily damaged.
The phantom hits you.
Drink which item? (? for menu, Esc to quit)
It was a potion of brilliance.
You feel clever all of a sudden. The phantom hits you.
You closely miss the phantom. Your squeeze misses the phantom.
The phantom is heavily damaged.
You are feeling very hungry.
The phantom barely misses you.
Drink which item? (? for menu, Esc to quit)
It was a potion of might.
You feel very mighty all of a sudden. The phantom hits you.
* * * LOW HITPOINT WARNING * * *
The phantom blinks!
The phantom hits you!
You die...

..#.... ?....>.
#..#...######
#..#........#
#..#........# #>.#
#....<.#
########W.####.....#
.....(..@..........#
##.#.#.#.#.#.##..#######
#.#.#.#.###........#
#.#.#.#.#.##.######.#
#.#.#.#.#.###.# #.#
#.#.#.#.#.#.##.# #.#
#.#.#.#.#.#.###.######.#
##.#.#.#.#.#............
#.#.#.#.#.#.##########.#


You could see a phantom.

Vanquished Creatures
  A howler monkey skeleton (D:4)
  An ooze (D:1)
  A worm (D:2)
  2 giant geckos
  A ball python (D:2)
  4 giant cockroaches
  4 hobgoblins
  2 jackals (D:1)
  4 bats
  2 giant newts
  3 goblins
  2 kobolds (D:1)
  4 rats
  A spectral orc (D:2)
32 creatures vanquished.

Notes
Turn   | Place    | Note
--------------------------------------------------------------
     0 | D:1      | McCoppin the Octopode Skald began the quest for the Orb.
     0 | D:1      | Reached XP level 1. HP: 14/14 MP: 3/3
   345 | D:1      | Reached skill level 1 in Stealth
   398 | D:1      | Reached XP level 2. HP: 10/19 MP: 5/5
  1322 | D:2      | Found an oddly glowing altar of Pakellas.
  1324 | D:2      | Reached XP level 3. HP: 24/24 MP: 6/6
  1517 | D:2      | Found a radiant altar of Vehumet.
  1798 | D:2      | Found a basalt altar of Yredelemnul.
  1844 | D:2      | You fall through a shaft for 2 floors!
  1884 | D:4      | Noticed a phantom
  1905 | D:4      | Slain by a phantom

Skill      XL: |  1  2  3 |
---------------+----------+-----
Stealth        | 1 2 3 |  3.4
Short Blades   | 3 |  3.1
Fighting       | |  2.0
Dodging        | |  1.5
Spellcasting   | |  2.0
Charms         | |  3.0

Action                   || total
-------------------------++-------
Melee: Short sword       ||    79
       Constrict         ||    15
       Tentacles         ||     8
  Use: Potion            ||     2
 Stab: Sleeping          ||    14
  Eat: Chunk             ||     2
Armor: Skin              ||     2
Dodge: Dodged            ||    31
